Map: Cactus Valley LE (Void)

Players

Javert

  • Race: Zerg Zerg
  • League: Grandmaster

Shiz - Winner!

  • Race: Zerg Zerg
  • League: Grandmaster

VOD

Have the link to the VOD?

Description

Time

  • Played on: June 24, 2015, 2:34 p.m.
  • Length: 17:46
Show
View Real Time Build Order
Export as new Build Order

Javert Zerg 

Build Orders: Hatch First 

Get SALT Encoding   

  12  0:01  Drone  
  13  0:13  Overlord  
  13  0:17  Drone  
  14  0:31  Drone x2  
  16  0:36  Drone  
  17  0:53  Hatchery  
  16  0:59  Extractor  
  16  1:00  Drone x2  
  17  1:08  Drone  
  18  1:19  Spawning Pool  
  18  1:24  Drone  
  18  1:29  Drone  
  19  1:40  Overlord  
  19  1:51  Drone  
  20  2:05  Metabolic Boost  
  20  2:06  Queen  
  20  2:08  Queen  
  24  2:10  Zergling x4  
  26  2:19  Zergling x4  
  28  2:26  Drone  
  29  2:35  Drone x2  
  31  2:42  Overlord  
  31  2:49  Drone x2  
  33  3:01  Drone x2  
  35  3:15  Drone x4, Baneling Nest  
  38  3:27  Drone x3  
  38  3:35  Drone x4  
  38  3:40  Overlord  
  41  3:43  Zergling x2  
  42  3:53  Zergling x2  
  42  3:54  Zergling x2  
  44  4:01  Zergling x2  
  45  4:06  Baneling  
  45  4:07  Baneling  
  45  4:10  Spine Crawler, Zergling x8  
  45  4:11  Zergling x6  
  51  4:19  Baneling x2  
  51  4:36  Drone  
  42  4:48  Zergling x12  
  42  4:52  Extractor  
  47  4:54  Hatchery  
  47  4:57  Zergling x8  
  49  5:08  Roach Warren  
  45  5:18  Baneling x4  
  45  5:20  Evolution Chamber  
  44  5:26  Baneling x2  
  44  5:29  Drone x2  
  44  5:30  Drone x2  
  44  5:33  Extractor  
  45  5:44  Baneling x3  
  43  5:51  Drone x4  
  43  5:56  Roach x2, Extractor  
  50  5:57  Overlord  
  50  5:58  Overlord  
  50  6:04  Roach  
  52  6:14  Evolution Chamber  
  52  6:15  Drone x3  
  52  6:16  Drone x3  
  52  6:17  Evolution Chamber  
  56  6:22  Zerg Missile Weapons Level 1  
  56  6:34  Roach x7  
  70  6:41  Queen  
  70  6:42  Drone x2  
  70  6:46  Spine Crawler  
  73  6:49  Lair  
  73  6:51  Spine Crawler  
  73  6:53  Drone x2  
  74  6:54  Overlord  
  74  6:55  Overlord  
  74  6:59  Baneling  
  74  7:05  Overlord x4  
  74  7:10  Overlord x3  
  74  7:16  Roach  
  74  7:17  Roach x5  
  86  7:33  Roach x10  
  89  7:51  Zerg Ground Armor Level 1  
  89  7:57  Glial Reconstitution  
  87  7:59  Drone x9  
  92  8:07  Burrow, Roach x3  
  98  8:16  Extractor  
  97  8:25  Drone x5  
  97  8:26  Drone x7  
  107  8:27  Ravager  
  107  8:28  Ravager  
  107  8:30  Ravager  
  107  8:32  Extractor  
  109  8:36  Drone x6  
  115  8:46  Ravager x2  
  115  8:47  Roach x2  
  121  8:59  Roach x4  
  129  9:07  Spine Crawler  
  128  9:11  Overlord x3  
  128  9:14  Zerg Missile Weapons Level 2  
  128  9:20  Overlord x3  
  128  9:30  Hydralisk Den, Roach x9  
  145  9:34  Overlord  
  145  9:47  Overseer  
  145  9:49  Roach x11  
  151  10:08  Roach x5  
  148  10:30  Ravager x3  
  148  10:31  Ravager x2  
  148  10:32  Roach  
  148  10:33  Roach x6  
  162  10:52  Extractor  
  162  10:53  Hatchery  
  162  10:54  Extractor  
  133  11:06  Roach  
  133  11:07  Roach x10  
  135  11:22  Roach x3  
  106  11:30  Roach  
  103  11:36  Infestation Pit, Roach x3  
  108  11:42  Ravager x3  
  108  11:43  Hatchery, Ravager x4  
  114  11:51  Roach x6  
  126  12:04  Roach  
  126  12:05  Roach x8  
  144  12:09  Overlord  
  103  12:30  Roach  
  103  12:31  Roach x11  
  119  12:47  Roach x4  
  127  13:02  Roach  
  127  13:03  Roach x3  
  135  13:06  Overseer x2  
  135  13:10  Spine Crawler x2  
  135  13:11  Roach x2  
  135  13:12  Roach x8  
  153  13:19  Ravager x4  
  159  13:20  Ravager x2  
  159  13:23  Queen x2  
  163  13:30  Zerg Ground Armor Level 2  
  163  13:52  Ravager x3  
  163  13:53  Ravager  
  163  13:54  Roach x4  
  175  13:55  Extractor  
  175  13:56  Hatchery  
  175  14:00  Extractor  
  172  14:13  Roach  
  172  14:14  Roach x7  
  169  14:57  Zergling x2  
  169  14:58  Zergling x24  
  176  15:20  Roach x4  
  176  15:21  Roach x3  
  190  15:26  Drone x2  
  179  15:50  Roach x5  
  179  15:56  Overseer  
  181  16:17  Roach  
  181  16:18  Roach x9  
  172  16:23  Ravager  
  172  16:24  Ravager x5  
  174  16:32  Overseer x3  
  106  17:02  Roach x5  
  106  17:03  Roach x6  
  106  17:04  Roach x8  
  104  17:17  Zergling x4  
  104  17:18  Zergling x18  
  115  17:25  Overseer x2  
  115  17:26  Overseer x2  
Show
View Real Time Build Order
Export as new Build Order

Shiz Zerg - Winner!

Build Orders: Hatch First, Lurkers, Zergling Baneling 

Get SALT Encoding   

  12  0:01  Drone  
  13  0:08  Drone  
  14  0:17  Overlord  
  14  0:23  Drone, Extractor  
  15  0:30  Extractor  
  15  0:32  Drone, Extractor  
  16  0:36  Drone  
  17  0:44  Drone  
  18  0:58  Hatchery  
  18  1:01  Drone  
  18  1:06  Drone  
  19  1:20  Drone, Spawning Pool  
  19  1:27  Drone, Extractor  
  19  1:42  Drone  
  20  1:48  Overlord  
  20  2:02  Drone  
  20  2:08  Queen  
  21  2:11  Queen  
  21  2:12  Drone, Zergling x2  
  27  2:21  Drone x2  
  29  2:36  Overlord  
  29  2:37  Drone  
  29  2:38  Metabolic Boost  
  29  2:42  Drone  
  30  2:45  Drone  
  30  2:46  Queen  
  33  2:56  Baneling Nest  
  33  2:58  Drone  
  32  3:00  Zergling x2  
  33  3:06  Zergling x2  
  33  3:07  Spine Crawler, Zergling x2  
  34  3:15  Zergling x4  
  36  3:24  Zergling x2  
  36  3:25  Zergling x10  
  42  3:39  Drone  
  43  3:42  Overlord  
  43  3:50  Lair  
  43  3:51  Extractor  
  43  3:55  Roach Warren  
  41  4:00  Overlord, Drone  
  42  4:03  Drone  
  42  4:04  Drone  
  42  4:07  Drone  
  45  4:17  Baneling x4  
  45  4:18  Baneling x2  
  45  4:19  Zergling x4  
  47  4:30  Overlord  
  42  4:47  Zergling x4  
  42  4:48  Zergling x10  
  42  4:50  Baneling x2  
  49  4:56  Zergling x2  
  49  4:57  Zergling x10  
  51  5:02  Drone  
  50  5:20  Baneling x2  
  48  5:22  Drone  
  48  5:23  Drone x3  
  52  5:30  Glial Reconstitution  
  52  5:35  Hatchery  
  41  5:53  Drone x5  
  41  5:55  Overlord  
  41  5:56  Extractor  
  45  6:00  Drone  
  45  6:01  Overlord  
  46  6:06  Drone x5  
  51  6:12  Evolution Chamber  
  51  6:15  Evolution Chamber  
  51  6:17  Overlord  
  49  6:21  Drone x2  
  49  6:25  Hydralisk Den  
  50  6:38  Overlord  
  50  6:40  Drone  
  50  6:42  Zerg Missile Weapons Level 1, Zerg Ground Armor Level 1  
  50  6:43  Roach x2  
  55  6:59  Roach x6  
  67  7:01  Overlord  
  67  7:04  Drone  
  67  7:06  Drone  
  67  7:08  Drone x2  
  70  7:09  Extractor  
  70  7:11  Roach  
  72  7:16  Roach x2  
  72  7:20  Overlord  
  72  7:22  Roach  
  78  7:28  Roach x2  
  78  7:29  Roach  
  84  7:37  Muscular Augments  
  84  7:38  Roach  
  84  7:39  Roach  
  86  7:46  Roach x3  
  91  7:53  Roach  
  91  7:54  Roach x2  
  91  7:56  Zergling x2  
  98  7:59  Overlord  
  98  8:01  Drone x2  
  100  8:08  Hydralisk x2  
  104  8:15  Roach x2  
  104  8:16  Roach  
  106  8:27  Overlord  
  106  8:28  Drone x2  
  106  8:29  Drone  
  106  8:30  Drone x4  
  112  8:42  Zerg Missile Weapons Level 2  
  112  8:45  Zerg Ground Armor Level 2  
  112  8:54  Overseer  
  112  8:57  Drone x3  
  112  9:00  Drone x5, Extractor  
  112  9:01  Drone x2, Extractor  
  120  9:09  Overlord  
  120  9:11  Drone x2  
  120  9:12  Drone  
  120  9:13  Drone x4  
  127  9:21  Infestation Pit  
  126  9:27  Overlord  
  126  9:28  Hatchery  
  125  9:35  Overlord  
  125  9:38  Drone, Spine Crawler  
  125  9:39  Drone x2  
  125  9:40  Spine Crawler  
  125  9:44  Hydralisk  
  125  9:45  Spine Crawler  
  127  9:46  Roach  
  129  9:56  Hydralisk x2, Roach  
  129  9:57  Roach x2  
  139  10:06  Roach  
  139  10:07  Roach x5  
  133  10:12  Roach x2  
  121  10:18  Hydralisk x3  
  119  10:31  Hydralisk  
  119  10:32  Hydralisk x5  
  131  10:42  Roach x2  
  131  10:51  Hydralisk x4, Roach x2  
  131  10:52  Roach  
  141  10:58  Queen  
  141  11:03  Roach x4  
  135  11:08  Roach x3  
  135  11:13  Queen  
  129  11:21  Roach x5  
  129  11:24  Overlord  
  129  11:28  Hydralisk  
  129  11:29  Roach x2  
  129  11:32  Drone  
  133  11:33  Lurker Den  
  133  11:39  Drone  
  134  11:52  Hydralisk x3, Roach x2  
  134  11:54  Extractor  
  141  11:56  Extractor  
  141  11:59  Overlord x2  
  141  12:00  Overseer  
  140  12:05  Hive  
  140  12:09  Roach x3  
  132  12:25  Hydralisk, Roach x4  
  132  12:26  Hydralisk x3, Roach  
  128  12:34  Roach x4  
  120  12:41  Overlord, Drone  
  120  12:42  Drone  
  120  12:43  Drone x3  
  120  12:44  Drone  
  122  12:54  Roach  
  122  12:55  Roach  
  126  13:11  Hatchery  
  126  13:12  Lurker x5  
  131  13:13  Lurker  
  131  13:14  Hydralisk, Roach  
  131  13:15  Hydralisk x2, Roach x3  
  145  13:23  Overlord  
  145  13:30  Overlord  
  145  13:35  Spine Crawler  
  145  13:36  Zerg Missile Weapons Level 3  
  145  13:37  Zerg Ground Armor Level 3, Spine Crawler  
  143  13:58  Zergling x14  
  150  14:06  Hydralisk, Roach x4  
  150  14:07  Hydralisk x4, Roach x2  
  172  14:22  Hydralisk x2, Roach  
  172  14:23  Hydralisk x2, Roach x2  
  174  14:50  Hydralisk x7, Roach x4  
  174  14:51  Hydralisk x2  
  190  14:56  Queen  
  190  14:58  Drone  
  190  14:59  Drone  
  194  15:10  Drone x2  
  194  15:11  Drone x4  
  199  15:18  Overlord  
  199  15:19  Drone  
  198  15:21  Overlord x2  
  198  15:22  Overlord  
  198  15:25  Zergling x4  
  200  15:28  Extractor  
  200  15:32  Extractor  
  192  15:49  Hydralisk x2, Roach x6  
  187  15:50  Hydralisk x5, Roach  
  187  15:56  Drone  
  173  16:16  Hydralisk x4, Roach x7  
  153  16:28  Spine Crawler  
  153  16:29  Spine Crawler  
  151  16:33  Zergling x6  
  151  16:34  Zergling x2  
  155  16:44  Roach  
  155  16:45  Hatchery, Roach x3  
Tags
 
Add a new tag
Caveats
  • Supply blocks, unpowered buildings, or Contaminate may cause inaccurate times.
  • Supply counts are checked every 10 seconds.